 Dungeon Crawl Stone Soup version 0.29-a0-753-gb7bb9d756e (webtiles) character file.

Game seed: 14302280555891103911

21 Nattfarinn the Stinger (level 2, -2/15 HPs)
             Began as a Deep Elf Venom Mage on June 30, 2022.
             Slain by a jackal (3 damage)
             ... on level 1 of the Dungeon.
             The game lasted 00:01:42 (558 turns).

Nattfarinn the Stinger (Deep Elf Venom Mage)         Turns: 558, Time: 00:01:43

Health: -2/15      AC:  2    Str:  5    XL:     2   Next: 65%
Magic:  8/8        EV: 12    Int: 19    God:
Gold:   31         SH:  0    Dex: 15    Spells: 7/8 levels left

rFire   . . .      SeeInvis .   (no weapon)
rCold   . . .      Faith    .   (no shield)
rNeg    . . .      Spirit   .   a - +0 robe
rPois   .          Reflect  .   (no helmet)
rElec   .          Harm     .   (no cloak)
rCorr   .          Rampage  .   (no gloves)
Will    .....                   (no boots)
Stlth   ++........              (no amulet)
HPRegen 0.05/turn               (no ring)
MPRegen 0.11/turn               (no ring)

@: no status effects
A: no striking features
a: no special abilities


You were on level 1 of the Dungeon.
You visited 1 branch of the dungeon, and saw 1 of its levels.

You collected 31 gold pieces.

Inventory:

Armour
 a - a +0 robe (worn)


   Skills:
 - Level 2.4 Dodging
 - Level 2.4 Stealth
 + Level 3.5 Spellcasting
 - Level 1.1 Transmutations
 * Level 4.1 Poison Magic


You had 7 spell levels left.
You knew the following spells:

 Your Spells              Type           Power      Damage    Failure   Level
a - Sting                 Tmut/Pois      52%        1d5       4%          1

Your spell library contained the following spells:

 Spells                   Type           Power      Damage    Failure   Level
 Poisonous Vapours        Pois/Air       22%        N/A       10%         2
 Mephitic Cloud           Conj/Pois/Air  8%         N/A       24%         3
 Olgreb's Toxic Radiance  Pois           19%        N/A       26%         4


Dungeon Overview and Level Annotations

Branches:
Dungeon (1/15)

Altars:


Message History

You barely miss the quokka.
The quokka is almost dead.
The quokka barely misses you.
You closely miss the quokka. Your punch misses the quokka.
The quokka is almost dead.
The quokka bites you.
* * * LOW HITPOINT WARNING * * *
Unknown command.
Casting: Sting (safe; 4% risk of failure)
Confirm with . or Enter, or press ? or * to list all spells.
Aiming: Sting (safe; 4% risk of failure)
Press: ? - help, Shift-Dir - straight line, f/p - quokka
Aim: a quokka (almost dead, poisoned, 60% to hit)
The sting hits the quokka.
The quokka looks even sicker.
You kill the quokka!
Casting: Sting (safe; 4% risk of failure)
Confirm with . or Enter, or press ? or * to list all spells.
Aiming: Sting (safe; 4% risk of failure)
Press: ? - help, Shift-Dir - straight line, f - jackal
Aim: a jackal (64% to hit)
The sting misses the jackal.
The sting hits the dart slug.
The dart slug is poisoned.
The dart slug is lightly wounded.
The jackal misses you. The jackal barely misses you.
Casting: Sting (safe; 4% risk of failure)
Confirm with . or Enter, or press ? or * to list all spells.
Aiming: Sting (safe; 4% risk of failure)
Press: ? - help, Shift-Dir - straight line, f/p - jackal
Aim: a jackal (64% to hit)
The sting hits the jackal but does no damage.
The jackal is poisoned.
The jackal completely misses you.
Unknown command.
You hit the jackal but do no damage.
The jackal is lightly wounded.
The jackal bites you but does no damage.
You aren't carrying any scrolls.
Magic courses through your body.
The jackal bites you but does no damage.
The jackal bites you.
You die...

...#♣♣♣♣...♣♣♣♣#.....#...........
...#....)......#.....#...........
...#...........#.....#...........
##.#.8..8.8..8.#..........#...#..
#.#..÷÷....÷..#..........###.#.#
#.#..÷÷....÷..#.................
#.#.8..8.8..8.#.....#.....##.)..
#.#...........#.................
#.#.).........#@##..............
#.#...........#h#...............
#.#...........#w##..............
#.#...........#.................
#.......<......†................
###...........#................#
#...........#................#
#...........#..........
#...........#..........


You could see a dart slug (poisoned) and a jackal (poisoned).

Vanquished Creatures
  2 endoplasms (D:1)
  2 giant cockroaches (D:1)
  A goblin (D:1)
  A hobgoblin (D:1)
  2 jackals (D:1)
  2 quokkas (D:1)
  A ball python (D:1)
  2 bats (D:1)
  2 frilled lizards (D:1)
  A kobold (D:1)
16 creatures vanquished.

Vanquished Creatures (collateral kills)
  An endoplasm (D:1)
  A quokka (D:1)
2 creatures vanquished.

Grand Total: 18 creatures vanquished

Notes
Turn   | Place    | Note
-------+----------+-------------------------------------------
     0 | D:1      | Nattfarinn the Deep Elf Venom Mage began the quest for the
                  | Orb.
     0 | D:1      | Reached XP level 1. HP: 10/10 MP: 6/6
   311 | D:1      | Reached XP level 2. HP: 15/15 MP: 4/8
   367 | D:1      | Reached skill level 4 in Poison Magic
   558 | D:1      | Slain by a jackal

Illustrated notes

Levels and vault maps discovered:
D:1:      giann_forest_graveyard, layout_basic, minmay_tripent

Skill      XL: |  1  2 |
---------------+-------+-----
Poison Magic   | 4 |  4.1
Dodging        | |  2.4
Stealth        | |  2.4
Spellcasting   | |  3.5
Transmutations | |  1.1

Action                   || total
-------------------------++-------
Melee: Unarmed           ||    17
 Cast: Sting             ||    39
  Use: Scroll            ||     2
       Potion            ||     1
Armor: Robe              ||    13
Dodge: Dodged            ||    49

Table legend: (Time is in decaauts)
 A = Elapsed time spent in this place.
 B = Non-inter-level travel time spent in this place.
 C = Inter-level travel time spent in this place.
 D = Time resting spent in this place.
 E = Time spent auto-exploring this place.
 F = Levels seen in this place.
 G = Mean time per level.
                   A        B        C        D        E       F      G
               +--------+--------+--------+--------+--------+-----+--------+
         Total |    558 |    558 |      0 |     60 |    348 |   1 |  558.0 |
       Dungeon |    558 |    558 |      0 |     60 |    348 |   1 |  558.0 |
               +--------+--------+--------+--------+--------+-----+--------+

Top non-repeatable levels by time:
     D:1: 558 daAuts
